 Dungeon Crawl Stone Soup version 0.30-a0-859-gf88a04b62d (webtiles) character file.

Game seed: 985435151418049695

162906 BubbleThief the Warrior (level 17, -1/172 HPs)
             Began as a Naga Cinder Acolyte on Mar 7, 2023.
             Was an Initiate of Ignis.
             Succumbed to barbed spike wounds
             ... on level 2 of the Shoals.
             The game lasted 01:10:28 (34999 turns).

BubbleThief the Warrior (Naga Cinder Acolyte)      Turns: 34999, Time: 01:10:28

Health: -1/172     AC: 30    Str: 27    XL:     17   Next: 82%
Magic:  12/30      EV:  6    Int: 19    God:    Ignis [......]
Gold:   437        SH: 14    Dex:  9    Spells: 22/34 levels left

rFire   + + .      SeeInvis +    x - +7 demon whip (freeze)
rCold   + . .      Faith    .    S - +2 kite shield {AC+3}
rNeg    + + .      Spirit   .    n - +3 robe of Clouds {*Thunder rCloud rElec}
rPois   +          Reflect  .    e - +0 helmet
rElec   +          Rampage  .    C - +2 cloak {Stlth+}
rCorr   .                        I - +0 pair of gloves of Ociovis {Str+5}
Will    ++...                    t - +6 lightning scales {swift, rElec}
Stlth   ++                       (no amulet)
HPRegen 0.48/turn                N - ring of the Madman {rF+ rC+ rN++ SInv}
MPRegen 0.22/turn                F - ring "Saggicke" {Fly Str+4}

@: spiked, flying, slow
A: AC +5, large, see invisible, deformed body, poison resistance, slowness 2,
spit poison 1, naga tail 2
a: Spit Poison, Renounce Religion


You were on level 2 of the Shoals.
You worshipped Ignis.
Ignis was noncommittal.
You visited 5 branches of the dungeon, and saw 28 of its levels.
You also visited: Trove.

You collected 2876 gold pieces.
You spent 2439 gold pieces at shops.

Inventory:

Hand Weapons
 x - a +7 demon whip of freezing (weapon)
Armour
 b - a scarf of resistance
 e - a +0 helmet (worn)
 n - the +3 robe of Clouds (worn) {*Thunder rCloud rElec}
   (You found it on level 2 of the Dungeon)

   *Thunder:  It occasionally creates storm clouds above nearby enemies.
   rCloud:    It grants its wearer immunity to clouds.
   rElec:     It insulates you from electricity.
 t - the +6 lightning scales (worn) {swift, rElec}
   (You acquired it on level 4 of the Lair of Beasts)

   Swift:     It allows the wearer to cover ground more swiftly.
   rElec:     It insulates you from electricity.
 C - a +2 cloak of stealth (worn)
 I - the +0 pair of gloves of Ociovis (worn) {Str+5}
   (You found it on level 4 of the Spider Nest)

   Str:       It affects your strength (+5).
 S - a +2 kite shield of protection (worn)
Jewellery
 f - an amulet of reflection
 r - a ring of protection from cold
 u - an amulet of magic regeneration
 y - a ring of positive energy
 F - the ring "Saggicke" (right hand) {Fly Str+4}
   (You found it in a treasure trove)

   [ring of flight]

   Str:       It affects your strength (+4).
   Fly:       It grants you flight.
 L - a +4 ring of slaying
 N - the ring of the Madman (left hand) {rF+ rC+ rN++ SInv}
   (You found it on level 7 of the Dungeon)

   [ring of see invisible]

   rF:        It protects you from fire.
   rC:        It protects you from cold.
   rN:        It greatly protects you from negative energy.
   SInv:      It lets you see invisible.
 P - a ring of resist corrosion
 T - the ring of the Cast Vote {Wiz rElec rCorr Str+3}
   (You found it in a treasure trove)

   [ring of wizardry]

   It improves your spell success rate.
   Str:       It affects your strength (+3).
   rElec:     It insulates you from electricity.
   rCorr:     It protects you from acid and corrosion.
 W - a +4 ring of protection
Wands
 m - a wand of iceblast (4)
 v - a wand of mindburst (7)
 U - a wand of digging (4)
Scrolls
 a - 3 scrolls of fog
 d - 15 scrolls of identify
 h - 4 scrolls of enchant armour
 l - 7 scrolls of blinking
 p - 6 scrolls of teleportation
 w - a scroll of brand weapon
 A - 2 scrolls of magic mapping
 D - 2 scrolls of butterflies
 E - a scroll of acquirement
 J - 4 scrolls of poison
 M - 2 scrolls of amnesia
Potions
 c - 16 potions of curing
 g - a potion of berserk rage
 i - 8 potions of flight
 j - 3 potions of ambrosia
 o - 7 potions of brilliance
 q - 2 potions of resistance
 s - 6 potions of invisibility
 z - 3 potions of cancellation
 B - 10 potions of mutation
 G - 16 potions of heal wounds
 H - 10 potions of might
 K - 4 potions of attraction
 Q - 3 potions of haste
 R - 2 potions of magic
Miscellaneous
 k - a phantom mirror (inert)


   Skills:
 + Level 15.8 Fighting
 + Level 15.0 Maces & Flails
 - Level 6.0 Armour
 + Level 14.2 Shields
 - Level 9.0 Spellcasting
 + Level 6.3 Conjurations
 + Level 13.2 Fire Magic


You had 22 spell levels left.
You knew the following spells:

 Your Spells              Type           Power      Damage    Failure   Level
a - Scorch                Fire           100%       2d10      1%          2
b - Sticky Flame          Conj/Fire      45%        2d6       2%          4
c - Starburst             Conj/Fire      22%        6d8       34%         6

Your spell library contained the following spells:

 Spells                   Type           Power      Damage    Failure   Level
 Foxfire                  Conj/Fire      100%       2x1d9     1%          1
 Magic Dart               Conj           100%       1d8       1%          1
 Searing Ray              Conj           64%        2d6       1%          2
 Inner Flame              Hex/Fire       33%        N/A       2%          3
 Kiss of Death            Conj/Necr      80%        2d11      3%          1
 Kindle Blastsparks       Fire/Tloc/Air  50%        2d14      6%          3
 Dazzling Flash           Conj/Hex       40%        N/A       11%         3
 Mephitic Cloud           Conj/Pois/Air  16%        N/A       16%         3
 Cigotuvi's Dreadful Rot  Necr/Pois/Air  16%        N/A       19%         2
 Lesser Beckoning         Tloc           16%        N/A       19%         2
 Poisonous Vapours        Pois/Air       16%        N/A       19%         2
 Sublimation of Blood     Necr           8%         N/A       19%         2
 Wereblood                Tmut           8%         N/A       19%         2
 Fulminant Prism          Conj/Hex       10%        3d8       34%         4
 Iskenderun's Mystic Bla  Conj/Tloc      20%        2d6       34%         4
 Call Canine Familiar     Summ           8%         N/A       36%         3
 Confusing Touch          Hex            8%         N/A       36%         3
 Frozen Ramparts          Ice            16%        1d3       36%         3
 Gell's Gravitas          Tloc           8%         N/A       36%         3
 Portal Projectile        Hex/Tloc       16%        N/A       36%         3
 Teleport Other           Tloc           8%         N/A       36%         3
 Animate Dead             Necr           8%         N/A       77%         4
 Cause Fear               Hex            4%         N/A       77%         4
 Dispel Undead            Necr           8%         3d8       77%         4
 Ice Form                 Ice/Tmut       8%         N/A       77%         4
 Leda's Liquefaction      Hex/Erth       4%         N/A       77%         4
 Summon Ice Beast         Ice/Summ       8%         N/A       77%         4
 Borgnjor's Vile Clutch   Necr/Erth      4%         N/A       98%         5
 Silence                  Hex/Air        4%         N/A       98%         5
 Death Channel            Necr           4%         N/A       100%        6
 Summon Hydra             Summ           4%         N/A       100%        7
 Borgnjor's Revivificati  Necr           4%         N/A       100%        8
 Discord                  Hex            4%         N/A       100%        8
 Necromutation            Tmut/Necr      4%         N/A       100%        8
 Chain Lightning          Conj/Air       10%        3d13      100%        9
 Death's Door             Necr           4%         N/A       100%        9


Dungeon Overview and Level Annotations

Branches:
Dungeon (15/15)            Temple (0/1) D:4            Lair (5/5) D:9
 Shoals (2/4) Lair:3       Spider (4/4) Lair:3        Slime (0/5) Lair:4
    Orc (2/2) D:9             Elf (0/3) Orc:2        Vaults (0/5) D:14
 Depths (0/4) D:15

Altars:
Ashenzari
Elyvilon
Fedhas
Gozag
Kikubaaqudgha
Makhleb
Okawaru
Qazlal
Sif Muna
Trog
Uskayaw
Xom
Yredelemnul
Zin
Jiyva

Shops:
D:2 :   D:6 *   D:12 *   Orc:2 !!?[

Annotations:
D:6 2 transporters, Menkaure
D:10 2 transporters, AuraOfTheDawn's ghost, novice TrMo
Lair:4 exclusion: 3 oklob plants
Spider:4 Mara


Innate Abilities, Weirdness & Mutations

Your serpentine skin is tough. (AC +5)
You have supernaturally acute eyesight. (SInv)
Armour fits poorly on your strangely shaped body.
Your system is resistant to poisons. (rPois)
You cover ground very slowly.
You can spit poison.
You can use your snake-like lower body to constrict enemies.


Message History

The merfolk hits you but does no damage.
The merfolk hits you with a +3 antimagic halberd!
* * * LOW HITPOINT WARNING * * *
You feel your power leaking away. The merfolk hits you with a +0 trident.
* * * LOW HITPOINT WARNING * * *
The merfolk impaler closely misses you.
The barbs in your skin will harm you if you move.
Continue?
Okay, then.
Unknown command.
The barbs in your skin will harm you if you move.
Continue?
You release your grip on the merfolk.
The merfolk attacks as you move away!
The merfolk hits you but does no damage.
The wind drake attacks as you move away!
The wind drake completely misses you.
The barbed spikes dig painfully into your body as you move.
* * * LOW HITPOINT WARNING * * *
The wind drake bites your manticore.
Your manticore struggles against the net.
The net rips apart, and your manticore comes free!
You block the merfolk's attack. The merfolk closely misses you.
The merfolk hits you but does no damage.
There is a stone staircase leading up, spattered with blood here.
Unknown command.
The wind drake bites your manticore!
The satyr shoots an arrow.
The arrow hits you!!
* * * LOW HITPOINT WARNING * * *
The merfolk barely misses you.
Your manticore barely misses the wind drake.
Your manticore claws the wind drake!
Your manticore completely misses the wind drake.
The merfolk impaler hits you but does no damage.
The merfolk hits you but does no damage.
The merfolk hits you from afar with a +0 halberd!
* * * LOW HITPOINT WARNING * * *
The merfolk barely misses you. The wind drake bites your manticore.
The merfolk impaler hits you from afar with a +0 trident.
* * * LOW HITPOINT WARNING * * *
The barbed spikes dig painfully into your body as you move.
You die...

...~≈~~~~~...
#..~~≈~......
#..$~≈>......
#..~~~~~.....
####.~~~~~~~~~~~
......§§H~.~~≈~~
..<§..mmkm#.~~~~
...~H.§H§m...~~~
.~...§§@§m§.§~~~
~....§§§§§§§.<~~
~~...§§l§.§~.~~~
~~~~~~~§§c~~~~~~
~~~~~~~~~c~~~~~~
P~~~~~~~~~~~~≈~~
≈≈≈≈≈~~~~~~~~≈≈≈
≈≈≈≈≈~~~~~~~≈≈≈


You could see a merfolk impaler, a satyr, a wind drake (repels missiles, ally
target), 4 merfolk, a manticore, a friendly skyshark (summoned, strong, fleeing)
and 2 friendly manticores.

Vanquished Creatures
  Arachne (Spider:2)
  Jorgrun (Shoals:1)
  An emperor scorpion (Spider:1)
  A frost giant (D:15)
  7 ghost moths
  2 broodmothers
  The ghost of Jumeycle the Earth Mage, a journeyman GrEE of Vehumet (D:15)
  The ghost of Rudyous the Fighter, a journeyman MiFi of Cheibriados (Lair:5)
  A stone giant (D:12)
  The ghost of qeuew the Brawler, a journeyman TrBe of Trog (Lair:2)
  4 spark wasps
  A fire dragon (D:14)
  7 entropy weavers
  An ettin (D:12)
  A merfolk impaler (Shoals:1)
  Josephine (Orc:1)
  6 hydras
  7 centaur warriors
  6 boulder beetles
  A jorogumo (Spider:1)
  A merfolk avatar (Lair:5)
  A rakshasa (D:15)
  2 radroaches
  Erica (Orc:1)
  2 two-headed ogres (D:12)
  A catoblepas (Lair:5)
  A death knight (D:14)
  A dancing weapon (D:15)
  4 tengu warriors
  10 orc high priests
  6 skysharks
  Sonja (Lair:3)
  A deep elf knight (D:14)
  Nergalle (Lair:3)
  A hell knight (D:12)
  A sun moth (Spider:4)
  5 pharaoh ants
  10 skeletal warriors
  4 sea snakes
  10 orb spiders
  2 harpies (Lair:5)
  6 steelbarb worms
  6 deep elf pyromancers
  17 wolf spiders
  3 orc knights
  7 ugly things
  16 elephants
  4 cyclopes
  5 manticores
  2 merfolk sirens (Shoals:1)
  2 moths of wrath
  2 black mambas
  2 water nymphs (Shoals:1)
  6 demonic crawlers
  A gargoyle (D:14)
  10 cane toads
  7 torpor snails
  Joseph (D:7)
  4 centaur skeletons (D:14)
  An unseen horror (D:12)
  10 komodo dragons
  A yaktaur (D:15)
  4 rime drakes (Lair:5)
  3 tengu conjurers (D:14)
  A yaktaur (shapeshifter) (D:13)
  5 trolls
  4 polar bears (Lair:5)
  4 merfolk (Shoals:1)
  6 meliai (Spider:4)
  6 hornets
  A wind drake (Lair:5)
  2 snapping turtles
  27 tarantellas
  13 blink frogs
  4 dream sheep (Lair:4)
  9 slime creatures
  19 jumping spiders
  Sigmund (D:2)
  3 spriggans (Lair:2)
  6 basilisks
  4 wyverns
  38 yaks
  8 wraiths
  18 culicivoras
  3 steam dragons
  50 redbacks
  6 wargs
  An acid dragon (D:12)
  9 water moccasins
  Duvessa (D:4)
  18 orc warriors
  Pargi (D:3)
  4 black bears
  9 ogres
  18 wolves
  18 centaurs
  A phantom (D:6)
  4 bullfrogs
  A necrophage (D:6)
  3 scorpions (D:6)
  Dowan (D:4)
  4 wights
  13 killer bees
  3 electric eels
  3 howler monkeys
  Crazy Yiuf (D:4)
  2 jellies (D:6)
  30 orc priests
  5 hounds
  A sleepcap (D:5)
  2 iguanas (D:5)
  21 orc wizards
  5 hell rats (Lair:4)
  A hound skeleton (D:6)
  4 gnolls (D:8)
  5 adders
  2 shadow imps
  An ufetubus (D:6)
  7 worms
  5 dart slugs
  78 orcs
  A bat (D:1)
  7 endoplasms
  2 giant cockroaches (D:1)
  9 goblins
  5 hobgoblins
  6 jackals
  2 quokkas
  8 ball pythons
  3 frilled lizards (D:3)
  9 kobolds
  8 rats
818 creatures vanquished.

Vanquished Creatures (collateral kills)
  A ghost moth (Spider:3)
  An entropy weaver (Spider:3)
2 creatures vanquished.

Vanquished Creatures (others)
  A merfolk (Shoals:2)
  2 redbacks
  An orc (Orc:1)
  38 foxfires
  47 fungi
  73 plants
162 creatures vanquished.

Grand Total: 982 creatures vanquished

Notes
Turn   | Place    | Note
-------+----------+-------------------------------------------
     0 | D:1      | BubbleThief the Naga Cinder Acolyte began the quest for the
                  | Orb.
     0 | D:1      | Reached XP level 1. HP: 21/21 MP: 2/2
    14 | D:1      | Got Sif Muna's Tractate on Clouds
   186 | D:1      | Reached XP level 2. HP: 28/28 MP: 3/3
   211 | D:1      | Learned a level 2 spell: Scorch
   357 | D:1      | Found a faded altar of an unknown god.
   552 | D:1      | Reached XP level 3. HP: 34/34 MP: 2/5
  1211 | D:2      | You fall into a shaft and drop 1 floor!
  1356 | D:2      | Reached XP level 4. HP: 42/42 MP: 3/7
  1420 | D:2      | Found the +3 robe of Clouds {*Thunder rCloud rElec}
  1423 | D:2      | Identified the +2 robe of Wuhi {Dex+3 Slay+5}
  1688 | D:2      | Found Rityaniol's Book Boutique.
  2101 | D:2      | Noticed Sigmund
  2103 | D:2      | Killed Sigmund
  2104 | D:2      | Reached skill level 5 in Fire Magic
  2104 | D:2      | Reached XP level 5. HP: 49/49 MP: 5/9
  2104 | D:2      | Reached XP level 6. HP: 56/56 MP: 5/10
  2603 | D:3      | Found a hide-covered altar of Uskayaw.
  2848 | D:3      | Noticed Pargi
  2856 | D:3      | Killed Pargi
  3176 | D:4      | Found a bloodstained altar of Trog.
  3237 | D:4      | Noticed Dowan
  3238 | D:4      | Reached XP level 7. HP: 62/62 MP: 7/12
  3248 | D:4      | Killed Dowan
  3322 | D:4      | Noticed Duvessa
  3334 | D:4      | Killed Duvessa
  3458 | D:4      | Found a shimmering blue altar of Sif Muna.
  3837 | D:4      | Found a staircase to the Ecumenical Temple.
  4048 | D:4      | Found a runed translucent door.
  4049 | D:4      | Noticed Crazy Yiuf
  4055 | D:4      | Killed Crazy Yiuf
  4151 | D:5      | Entered Level 5 of the Dungeon
  4309 | D:5      | Reached XP level 8. HP: 69/69 MP: 9/14
  4370 | D:5      | Found a blossoming altar of Fedhas.
  4393 | D:5      | Found a stormy altar of Qazlal.
  4427 | D:5      | Found a broken altar of Ashenzari.
  4628 | D:5      | Found an iron altar of Okawaru.
  4972 | D:6      | Reached skill level 1 in Shields
  4972 | D:6      | Reached skill level 5 in Spellcasting
  5256 | D:6      | Noticed a yak
  5257 | D:6      | Noticed a yak
  5258 | D:6      | Noticed a yak
  5262 | D:6      | Noticed a yak
  5276 | D:6      | Killed a yak
  5277 | D:6      | Reached XP level 9. HP: 61/78 MP: 6/17
  5404 | D:6      | Found a burning altar of Makhleb.
  5571 | D:6      | Reached skill level 5 in Fighting
  5571 | D:6      | Reached skill level 10 in Fire Magic
  5716 | D:6      | Found a basalt altar of Yredelemnul.
  5717 | D:6      | Found an ancient bone altar of Kikubaaqudgha.
  5717 | D:6      | Noticed Menkaure
  5805 | D:6      | Found Jytidwod's Assorted Antiques.
  5814 | D:6      | Bought a scroll labelled WOCUMUEROD for 22 gold pieces
  5814 | D:6      | Bought a scroll labelled WOCUMUEROD for 22 gold pieces
  5814 | D:6      | Bought a scroll labelled MYAFIS KUFOSIO for 22 gold pieces
  5814 | D:6      | Bought a scroll labelled MYAFIS KUFOSIO for 22 gold pieces
  5814 | D:6      | Bought a scroll labelled WOCUMUEROD for 22 gold pieces
  5814 | D:6      | Bought a metallic dark potion for 19 gold pieces
  5814 | D:6      | Bought a yellow potion for 19 gold pieces
  5841 | D:6      | Found a transporter.
  5843 | D:6      | Found a transporter.
  6567 | D:7      | Reached XP level 10. HP: 88/88 MP: 14/19
  6622 | D:7      | Noticed Joseph
  6631 | D:7      | Killed Joseph
  6766 | D:7      | Identified the ring of the Madman {rF+ rC+ rN++ SInv}
  6807 | D:7      | Found an opulent altar of Gozag.
  8112 | D:8      | Identified the +2 robe of the Skies Above {Rampage rC+ rN++
                  | Str-4}
  8520 | D:9      | Found a staircase to the Orcish Mines.
  8600 | D:9      | Found a staircase to the Lair.
  8879 | D:9      | Reached skill level 5 in Shields
  9346 | Lair:1   | Entered Level 1 of the Lair of Beasts
 10236 | Lair:2   | Reached XP level 11. HP: 74/100 MP: 4/21
 10733 | Lair:2   | Noticed an eight-headed hydra
 11057 | Lair:2   | Noticed a four-headed hydra
 11065 | Lair:2   | Killed a four-headed hydra
 11158 | Lair:2   | Found a runed translucent door.
 11160 | Lair:2   | Noticed qeuew's ghost (journeyman TrBe)
 11161 | Lair:2   | Identified the +0 trident "Hala" {drain, *Corrode Fly rElec
                  | Dex-4}
 11161 | Lair:2   | Noticed a spriggan rider
 11297 | Lair:2   | Noticed a spriggan rider
 11440 | Lair:3   | Noticed Nergalle
 11452 | Lair:3   | Killed Nergalle
 11602 | Lair:3   | Found a hole to the Spider Nest.
 11887 | Lair:3   | Reached skill level 5 in Maces & Flails
 11898 | Lair:3   | Reached XP level 12. HP: 91/114 MP: 1/24
 12296 | Lair:3   | Noticed Sonja
 12300 | Lair:3   | Killed Sonja
 12375 | Lair:3   | Found a staircase to the Shoals.
 12804 | Lair:4   | Noticed a six-headed hydra
 12810 | Lair:4   | Noticed a skyshark
 12813 | Lair:4   | Killed a six-headed hydra
 12829 | Lair:4   | Killed a skyshark
 12835 | Lair:4   | Reached skill level 10 in Fighting
 13240 | Lair:4   | Noticed a six-headed hydra
 13249 | Lair:4   | Killed a six-headed hydra
 13749 | Lair:4   | Found a viscous altar of Jiyva.
 13942 | Lair:5   | Entered Level 5 of the Lair of Beasts
 13943 | Lair:5   | Noticed a boulder beetle
 14028 | Lair:5   | Noticed a catoblepas
 14059 | Lair:5   | HP: 5/116 [catoblepas (29)]
 14069 | Lair:5   | Killed a catoblepas
 14071 | Lair:5   | Noticed a skyshark
 14354 | Lair:4   | Identified 3 scrolls of acquirement
 14354 | Lair:4   | Acquired the +6 lightning scales {swift, rElec}
 14354 | Lair:4   | Found the +6 lightning scales {swift, rElec}
 14363 | Lair:4   | Acquired a +1 demon whip of freezing
 14430 | Lair:5   | Killed a boulder beetle
 14487 | Lair:4   | Gained mutation: You can use your snake-like lower body to
                  | constrict enemies. [Naga growth]
 14487 | Lair:4   | Reached XP level 13. HP: 94/124 MP: 13/25
 14717 | Lair:5   | Reached skill level 10 in Maces & Flails
 14965 | Lair:5   | Found a runed translucent gate.
 14965 | Lair:5   | Noticed Rudyous's ghost (journeyman MiFi)
 15013 | Lair:5   | Found a runed translucent gate.
 15013 | Lair:5   | Found a runed translucent gate.
 15675 | Lair:5   | Reached skill level 10 in Shields
 16014 | Lair:5   | Reached XP level 14. HP: 135/135 MP: 26/26
 16273 | Lair:5   | Identified the +7 dagger of Ashenzari {vamp, rN++ MP+9
                  | Int+2 Stlth-}
 16463 | Lair:5   | Killed Rudyous's ghost
 16546 | Lair:4   | Found a staircase to the Slime Pits.
 16861 | Lair:2   | Killed qeuew's ghost
 17228 | Orc:1    | Entered Level 1 of the Orcish Mines
 17238 | Orc:1    | Noticed Erica
 17260 | Orc:1    | Killed Erica
 17572 | Orc:1    | You fall into a shaft and drop 1 floor!
 17572 | Orc:2    | Entered Level 2 of the Orcish Mines
 17572 | Orc:2    | Found Ramn's Antique Armour Emporium.
 17591 | Orc:2    | Bought a glowing kite shield for 255 gold pieces
 17694 | Orc:2    | Found Roacikh's Magic Scroll Boutique.
 17705 | Orc:2    | Found Fiesux's Distillery.
 18643 | Orc:2    | Bought a scroll of teleportation for 39 gold pieces
 18643 | Orc:2    | Bought a scroll of enchant weapon for 97 gold pieces
 18993 | Orc:2    | Found Jofe's Distillery.
 19003 | Orc:2    | Bought 2 potions of heal wounds for 120 gold pieces
 19003 | Orc:2    | Bought a potion of might for 48 gold pieces
 19003 | Orc:2    | Bought a potion of haste for 120 gold pieces
 19003 | Orc:2    | Bought a potion of mutation for 96 gold pieces
 19003 | Orc:2    | Bought a potion of heal wounds for 60 gold pieces
 19012 | Orc:2    | Bought a potion of curing for 33 gold pieces
 19012 | Orc:2    | Bought a potion of brilliance for 44 gold pieces
 19012 | Orc:2    | Bought a potion of curing for 33 gold pieces
 19012 | Orc:2    | Bought 2 potions of heal wounds for 110 gold pieces
 19012 | Orc:2    | Bought a potion of might for 44 gold pieces
 19012 | Orc:2    | Bought a potion of heal wounds for 55 gold pieces
 19285 | Orc:2    | Found a staircase to the Elven Halls.
 19680 | Orc:1    | Noticed Josephine
 19695 | Orc:1    | Killed Josephine
 20081 | D:10     | Entered Level 10 of the Dungeon
 20114 | D:10     | Reached skill level 1 in Armour
 20221 | D:10     | Found a transporter.
 20223 | D:10     | Found a transporter.
 20223 | D:10     | Noticed AuraOfTheDawn's ghost (novice TrMo)
 20234 | D:10     | Identified the +6 spear "Killer Bee's Doom" {vamp, rElec
                  | Will- Dex+4}
 20499 | D:10     | Found a glowing silver altar of Zin.
 20698 | D:10     | Found a white marble altar of Elyvilon.
 21371 | D:12     | Found Kausul's General Store.
 21374 | D:12     | Bought a scroll of enchant armour for 97 gold pieces
 21374 | D:12     | Bought 2 potions of might for 104 gold pieces
 21374 | D:12     | Bought a potion of heal wounds for 65 gold pieces
 21770 | D:12     | Identified the +6 dagger of Nocsab {freeze, Int+4}
 21958 | D:12     | Reached XP level 15. HP: 140/148 MP: 27/27
 22315 | D:12     | Found a runed translucent door.
 23636 | D:14     | Found a gate to the Vaults.
 24917 | D:14     | Found a portal to a secret trove of treasure.
 25155 | D:15     | Entered Level 15 of the Dungeon
 25340 | D:15     | Reached skill level 5 in Armour
 25725 | D:15     | Found a runed translucent door.
 25725 | D:15     | Found a shimmering altar of Xom.
 25725 | D:15     | Noticed Jumeycle's ghost (journeyman GrEE)
 25920 | D:15     | Reached XP level 16. HP: 153/160 MP: 28/28
 26196 | D:15     | Found a staircase to the Depths.
 26310 | D:15     | Killed Jumeycle's ghost
 26533 | D:12     | Bought +1 fire dragon scales for 871 gold pieces
 26618 | D:14     | You paid a toll of +4 fire dragon scales to enter a
                  | treasure trove
 26619 | Trove    | Entered a treasure trove
 26621 | Trove    | Found the dreamshard necklace {*Dream Drain}
 26630 | Trove    | Identified the ring "Saggicke" {Fly Str+4}
 26640 | Trove    | Identified the ring of the Cast Vote {Wiz rElec rCorr
                  | Str+3}
 26698 | D:14     | Acquired Sif Muna's Anthology of the Salamander
 26707 | D:14     | Learned a level 4 spell: Sticky Flame
 26891 | Spider:1 | Entered Level 1 of the Spider Nest
 27165 | Lair:3   | Reached skill level 1 in Conjurations
 29311 | Spider:2 | Reached skill level 15 in Fighting
 29402 | Spider:2 | Noticed Arachne
 29419 | Spider:2 | Killed Arachne
 30627 | Spider:3 | Learned a level 6 spell: Starburst
 30779 | Spider:3 | Identified the +2 robe of Eternal Vigilance {Str+3}
 31093 | Spider:3 | Reached XP level 17. HP: 159/170 MP: 17/29
 31681 | Spider:3 | Reached skill level 5 in Conjurations
 32069 | Spider:4 | Entered Level 4 of the Spider Nest
 32506 | Spider:4 | Identified the +0 pair of gloves of Ociovis {Str+5}
 33716 | Spider:4 | Noticed Mara
 33725 | Spider:4 | Noticed BubbleThief's illusion
 33854 | Shoals:1 | Entered Level 1 of the Shoals
 34281 | Shoals:1 | Reached skill level 15 in Maces & Flails
 34698 | Shoals:1 | Noticed Jorgrun
 34709 | Shoals:1 | Killed Jorgrun
 34998 | Shoals:2 | HP: 6/172 [merfolk impaler/+0 trident (5)]
 34999 | Shoals:2 | Succumbed to barbed spike wounds

Illustrated notes

Levels and vault maps discovered:
D:1:      dpeg_arrival_court, layout_loops_ring,
          dreamdust_ecumenical_altar_statues, bh_walls_and_bars
D:2:      minmay_door_path, layout_basic, serial_shops, nicolae_lakefront_shop,
          nrook_campfire, minmay_misc_feat_four_crosses,
          minmay_misc_feat_encased, minmay_pentomino_pile, uniq_sigmund
D:3:      layout_basic, lemuel_doored_altar, kennysheep_generic_room_5,
          uniq_pargi
D:4:      layout_cave_pools, amcnicky_altar_gilded,
          mainiacjoe_overflow_surrounded_room, minmay_temple_entry_glassed_door,
          uniq_duvessa, uniq_crazy_yiuf_cottage
D:5:      layout_rooms, mainiacjoe_overflow_chevrons,
          nicolae_qazlal_general_emergency, okawaru_metal_pillars_1_2,
          ashenzari_altar_1, nicolae_wormholes
D:6:      minmay_chambers_of_threes, layout_gridville,
          makhleb_blood_cavern_becter, gammafunk_temple_of_torment,
          serial_shops, shop_statue
D:7:      layout_cave_pools, grunt_gozag_breadcrumbs, uniq_joseph
D:8:      layout_gridville, minivault_21, centaur_isle
D:9:      minmay_klotski, layout_basic, orc_0_dummy, kennysheep_generic_room_2,
          uniq_gastronok
D:10:     layout_roguey, kennysheep_little_box, zin_treasury,
          gammafunk_ghost_arena, kennysheep_decorative_pillar
D:11:     layout_loops_ring, kennysheep_generic_room_13
D:12:     nicolae_BIG_FREAKIN_CUBE, layout_long_grid, serial_shops,
          nicolae_shop_behind_doors, kennysheep_treasure_room
D:13:     layout_basic
D:14:     layout_loops_cross, hangedman_vaults_entry_quadrant_bands,
          grunt_decor_mini_mirrors, enter_trove_6, minmay_misc_feat_x
D:15:     grunt_enter_depths_snipers, layout_loops_cross, ebering_ghost_xom
Lair:1:   layout_roguey, minmay_holes, eino_small_chamber_without_monster
Lair:2:   layout_regular_city, ebering_ghost_funeral_grove, minivault_19,
          st_stairs_12, chequers_serial_rivers_small_3
Lair:3:   layout_regular_city, minmay_shoals_entry_centaurs, dummy_spider_entry,
          uniq_sonja, uniq_nergalle
Lair:4:   layout_small_grid, minmay_slime_entry_oklob_enclosed
Lair:5:   gammafunk_lair_ancient_temple, layout_cellular_growth,
          ebering_ghost_rock_garden
Shoals:1: layout_shoals, uniq_jorgrun
Shoals:2: layout_shoals, serial_shops, nicolae_shop_hallway_plus
Spider:1: layout_spider_delve
Spider:2: layout_spider_delve, uniq_arachne
Spider:3: layout_spider_delve
Spider:4: grunt_spider_rune_parallel, hellmonk_motheaten_closet, uniq_mara
Orc:1:    layout_diamond_mine, uniq_erica, uniq_josephine
Orc:2:    st_orc_town, layout_diamond_mine

Skill      XL: |  1  2  3  4  5  6  7  8  9 10 11 12 13 14 15 16 17 |
---------------+----------------------------------------------------+-----
Fire Magic     | 4 5 6 7 9 10 11 12 13 | 13.2
Spellcasting   | 2 3 4 5 6 7 8 9 |  9.0
Shields        | 2 4 5 7 9 10 12 13 14 | 14.2
Fighting       | 4 5 7 9 10 11 13 14 15 | 15.8
Maces & Flails | 5 8 12 13 14 15 | 15.0
Armour         | 2 5 6 |  6.0
Conjurations   | 4 6 |  6.3

Action                     |  1- 3 |  4- 6 |  7- 9 | 10-12 | 13-15 | 16-18 || total
---------------------------+-------+-------+-------+-------+-------+-------++-------
  Melee: Mace              |    40 |       |       |       |       |       ||    40
         Punch             |     1 |       |       |       |       |       ||     1
         Whip              |       |     3 |    24 |       |       |       ||    27
         Flail             |       |       |    17 |    82 |       |       ||    99
         Demon whip        |       |       |       |    41 |  1205 |   740 ||  1986
         Constrict         |       |       |       |       |   168 |   156 ||   324
   Cast: Scorch            |    20 |    33 |    98 |   229 |    47 |    83 ||   510
         Sticky Flame      |       |       |       |       |       |    69 ||    69
 Invoke: Fiery Armour      |       |       |       |     5 |     3 |     1 ||     9
         Foxfire Swarm     |       |       |       |     2 |       |       ||     2
         Rising Flame      |       |       |       |     1 |       |       ||     1
Ability: Spit Poison       |    23 |    13 |    31 |    75 |    10 |    37 ||   189
  Evoke: Wand              |       |       |       |     9 |     2 |       ||    11
         Phantom mirror    |       |       |       |       |       |     3 ||     3
    Use: Scroll            |       |       |    10 |    17 |     9 |     8 ||    44
         Potion            |       |       |       |     3 |     1 |     1 ||     5
   Stab: Sleeping          |       |       |     1 |       |     4 |     2 ||     7
         Distracted        |       |       |       |       |     1 |       ||     1
 Armour: Robe              |    12 |     5 |    21 |   103 |   321 |   589 ||  1051
  Dodge: Dodged            |    26 |     8 |    68 |   117 |   274 |   200 ||   693
  Block: Other             |       |     3 |    18 |       |       |       ||    21
         Tower shield      |       |       |    30 |   369 |   594 |       ||   993
         Reflection        |       |       |     6 |    33 |    33 |     3 ||    75
         Kite shield       |       |       |       |       |   330 |   549 ||   879

Table legend: (Time is in decaauts)
 A = Elapsed time spent in this place.
 B = Non-inter-level travel time spent in this place.
 C = Inter-level travel time spent in this place.
 D = Time resting spent in this place.
 E = Time spent auto-exploring this place.
 F = Levels seen in this place.
 G = Mean time per level.
                   A        B        C        D        E       F      G
               +--------+--------+--------+--------+--------+-----+--------+
         Total |  39645 |  37833 |   1812 |   2780 |  29495 |  29 | 1367.1 |
       Dungeon |  18985 |  18069 |    916 |    252 |  15627 |  15 | 1265.7 |
          Lair |   9912 |   9405 |    507 |   1452 |   6570 |   5 | 1982.4 |
        Shoals |   1248 |   1225 |     23 |      0 |   1048 |   2 |  624.0 |
   Spider Nest |   6505 |   6241 |    264 |    709 |   4341 |   4 | 1626.2 |
  Orcish Mines |   2931 |   2831 |    100 |    366 |   1907 |   2 | 1465.5 |
         Trove |     61 |     61 |      0 |      0 |      0 |   1 |   61.0 |
               +--------+--------+--------+--------+--------+-----+--------+

Top non-repeatable levels by time:
  Lair:4: 2329 daAuts
   Orc:2: 2174 daAuts
  Lair:5: 2163 daAuts
  Lair:3: 2107 daAuts
Spider:2: 2025 daAuts
     D:6: 1834 daAuts
    D:14: 1801 daAuts
  Lair:2: 1795 daAuts
    D:12: 1709 daAuts
Spider:3: 1595 daAuts
     D:8: 1573 daAuts
  Lair:1: 1518 daAuts
Spider:4: 1507 daAuts
     D:1: 1457 daAuts
     D:9: 1451 daAuts
